Map: [ESL] Oceanborn

Players

Reynor - Winner!

  • Race: Zerg Zerg
  • League: Master
  • Spawn Location: 5:00

Lambo

  • Race: Zerg Zerg
  • Spawn Location: 11:00

Event: Bellum Gens Elite Stara Zagora 2024

VOD

Have the link to the VOD?

Description

Time

  • Played on: Sept. 6, 2024, 5:36 a.m.
  • Length: 9:08

All games in this series

Show
View Real Time Build Order
Export as new Build Order

Reynor Zerg - Winner!

Build Orders: Hatch First 

Get SALT Encoding   

  12  0:00  Drone  
  13  0:12  Overlord  
  13  0:16  Drone  
  14  0:30  Drone x2  
  16  0:46  Hatchery  
  15  0:50  Drone  
  15  0:54  Drone  
  17  0:57  Drone  
  18  1:08  Extractor  
  17  1:12  Spawning Pool  
  17  1:15  Drone  
  17  1:18  Drone  
  18  1:27  Drone  
  19  1:38  Drone  
  20  1:49  Drone  
  21  1:59  Queen x2  
  21  2:00  Zergling x4  
  27  2:05  Spine Crawler  
  26  2:10  Zergling x4  
  26  2:15  Baneling Nest  
  27  2:20  Zergling x2  
  28  2:25  Overlord  
  26  2:39  Zergling x4  
  26  2:42  Metabolic Boost  
  23  2:49  Zergling x2  
  24  2:56  Zergling x2  
  25  3:05  Zergling x2  
  24  3:11  Zergling x6  
  25  3:20  Queen  
  22  3:28  Zergling x2  
  23  3:39  Drone  
  24  3:48  Hatchery  
  24  3:51  Drone  
  24  3:57  Evolution Chamber  
  24  3:59  Drone  
  24  4:07  Baneling  
  24  4:10  Drone  
  24  4:14  Queen  
  27  4:24  Overlord  
  27  4:27  Drone  
  27  4:30  Drone  
  28  4:39  Zerg Ground Armor Level 1  
  28  4:41  Drone  
  29  4:45  Drone  
  29  4:48  Drone  
  31  4:55  Drone  
  31  4:57  Baneling  
  32  5:01  Drone  
  32  5:06  Drone  
  34  5:12  Drone  
  35  5:19  Hatchery  
  35  5:21  Drone  
  35  5:24  Drone  
  35  5:27  Drone  
  35  5:28  Drone  
  38  5:30  Drone  
  39  5:37  Overlord  
  39  5:39  Drone x2  
  41  5:47  Roach Warren  
  41  5:49  Drone x2  
  42  5:52  Drone  
  42  5:57  Overlord  
  42  6:01  Drone x3  
  42  6:03  Extractor  
  44  6:06  Zergling x4  
  46  6:14  Overlord  
  46  6:16  Baneling  
  46  6:32  Roach x8  
  62  6:39  Queen  
  64  6:41  Overlord  
  64  6:42  Roach  
  64  6:43  Roach  
  68  6:49  Drone x2, Overlord  
  68  6:52  Roach  
  72  6:55  Overlord  
  72  6:59  Roach  
  74  7:03  Roach x2  
  74  7:06  Overlord  
  74  7:07  Baneling  
  77  7:08  Roach  
  77  7:12  Overlord  
  79  7:17  Roach x2  
  82  7:26  Roach x3  
  82  7:27  Zergling x4  
  87  7:30  Roach  
  83  7:38  Zergling x6, Roach  
  83  7:42  Roach  
  84  7:46  Zergling x4, Roach  
  84  7:49  Zergling x2, Roach  
  90  7:52  Zergling x4  
  90  7:58  Zergling x6  
  94  8:04  Ravager  
  94  8:06  Zergling x4  
  94  8:08  Zergling x2  
  94  8:11  Zergling x2  
  97  8:16  Ravager  
  97  8:19  Zergling x2  
  102  8:20  Zergling x8  
  102  8:24  Zergling x6  
  102  8:26  Roach  
  101  8:29  Zergling x2  
  101  8:31  Zergling x2  
  95  8:37  Zergling x2  
  94  8:41  Zergling x2  
  94  8:42  Zergling x6  
  94  8:44  Ravager  
  94  8:45  Roach  
  93  8:48  Zergling x6  
  93  8:53  Ravager  
Show
View Real Time Build Order
Export as new Build Order

Lambo Zerg 

Build Orders: 1 Base Baneling Bust, Pool First 

Get SALT Encoding   

  12  0:00  Drone  
  13  0:09  Extractor  
  12  0:23  Spawning Pool  
  11  0:28  Drone  
  11  0:33  Drone  
  13  0:40  Drone  
  14  0:51  Overlord  
  14  1:10  Zergling x4, Metabolic Boost  
  16  1:14  Zergling x2  
  17  1:23  Zergling x2  
  18  1:29  Baneling Nest  
  17  1:34  Zergling x2  
  18  1:49  Zergling x2  
  19  1:56  Zergling x2  
  20  2:06  Zergling x2  
  21  2:13  Baneling x2  
  21  2:16  Zergling x2  
  22  2:25  Baneling  
  21  2:39  Zergling x4  
  22  2:47  Hatchery  
  22  2:49  Overlord  
  21  2:52  Baneling  
  21  2:53  Baneling  
  21  3:03  Drone  
  20  3:10  Drone  
  20  3:11  Queen  
  20  3:25  Drone  
  19  3:32  Drone  
  20  3:42  Zergling x2  
  20  3:48  Queen  
  23  3:53  Drone  
  24  3:59  Drone  
  25  4:04  Baneling  
  25  4:07  Baneling  
  25  4:10  Zergling x4  
  25  4:13  Queen  
  25  4:15  Drone  
  30  4:21  Drone x3  
  33  4:27  Drone  
  33  4:31  Drone x2  
  35  4:39  Overlord  
  34  4:46  Drone  
  34  4:49  Drone  
  36  4:58  Drone x2  
  36  4:59  Drone x2  
  40  5:00  Drone x3  
  40  5:01  Drone  
  43  5:14  Overlord  
  43  5:15  Roach Warren  
  43  5:17  Drone x2, Extractor  
  43  5:28  Hatchery  
  43  5:31  Drone  
  43  5:33  Zergling x4  
  45  5:39  Zergling x6  
  48  5:44  Drone x2  
  50  5:52  Drone, Lair  
  51  5:59  Overlord  
  51  6:09  Overlord  
  51  6:10  Overlord  
  51  6:11  Overlord  
  51  6:19  Roach x4  
  51  6:25  Roach  
  60  6:29  Roach x4  
  67  6:38  Roach x4  
  74  6:40  Roach  
  74  6:43  Roach  
  78  6:48  Roach x2  
  78  6:53  Zergling x2  
  83  6:55  Drone x3  
  86  7:04  Baneling x2  
  86  7:05  Baneling x2  
  86  7:07  Drone x3  
  89  7:09  Overlord  
  89  7:10  Evolution Chamber  
  89  7:11  Overlord  
  89  7:13  Drone  
  89  7:16  Overlord  
  89  7:20  Overlord  
  88  7:25  Drone x4  
  88  7:27  Drone  
  83  7:31  Drone  
  83  7:34  Roach x2  
  83  7:37  Drone x2  
  83  7:40  Roach  
  77  7:46  Roach x3  
  83  7:52  Roach x3  
  83  7:53  Zergling x2  
  83  7:57  Roach x2  
  94  8:01  Roach  
  94  8:04  Zergling x2  
  94  8:05  Roach  
  95  8:14  Roach x2  
  95  8:17  Zergling x12  
  105  8:25  Roach x2  
  105  8:26  Zergling x4  
  104  8:31  Roach x2  
  89  8:37  Roach  
  89  8:41  Roach  
  80  8:44  Zergling x6  
Tags
 
Add a new tag
Caveats
  • Supply blocks, unpowered buildings, or Contaminate may cause inaccurate times.
  • Supply counts are checked every 10 seconds.